 Dungeon Crawl Stone Soup version 0.21.1-1-g345015f (webtiles) character file.

551 wojtek the Cleaver (level 7, -6/59 HPs)
             Began as a Minotaur Fighter on July 22, 2018.
             Mangled by Duvessa
             ... wielding a +0 rapier
              (7 damage)
             ... on level 4 of the Dungeon.
             The game lasted 00:03:34 (3017 turns).

wojtek the Cleaver (Minotaur Fighter)               Turns: 3017, Time: 00:03:35

Health: -6/59      AC: 10    Str: 23    XL:     7   Next: 7%
Magic:  7/7        EV:  6    Int:  5    God:
Gold:   166        SH:  9    Dex:  9    Spells: 6/6 levels left

rFire    . . .     SeeInvis .   a - +0 war axe
rCold    . . .     Gourm    .   c - +0 shield
rNeg     . . .     Faith    .   q - +0 chain mail
rPois    .         Spirit   .   (helmet restricted)
rElec    .         Reflect  .   (no cloak)
rCorr    .         Harm     .   (no gloves)
MR       .....                  p - +0 pair of boots
Stlth    ..........             (no amulet)
HPRegen  0.19/turn              (no ring)
MPRegen  0.10/turn              (no ring)

@: very slightly contaminated, invisible
A: retaliatory headbutt, horns 2
a: no special abilities


You were on level 4 of the Dungeon.
You were not hungry.

You visited 1 branch of the dungeon, and saw 4 of its levels.

You collected 166 gold pieces.

Inventory:

Hand Weapons
 a - a +0 war axe (weapon)
Armour
 c - a +0 shield (worn)
 p - a +0 pair of boots (worn)
 q - a +0 chain mail (worn)
Jewellery
 b - an uncursed ring of wizardry {unknown}
Wands
 t - a wand of polymorph (13)
 u - a wand of random effects (19)
Scrolls
 e - 6 scrolls of identify {unknown}
 g - 2 scrolls of enchant armour {unknown}
 h - a scroll of amnesia {unknown}
 k - 2 scrolls of remove curse {unknown}
 l - a scroll of teleportation {unknown}
 m - a scroll of fear {unknown}
 x - a scroll of magic mapping {unknown}
 y - a scroll of blinking {unknown}
Potions
 d - a potion of might
 i - 2 potions of mutation {unknown}
 j - 2 potions of invisibility
 n - a potion of berserk rage {unknown}
 o - 3 potions of curing {unknown}
 r - a potion of magic {unknown}
 v - 2 potions of heal wounds {unknown}
 z - a potion of brilliance {unknown}
Books
 w - a book of Misfortune

   Spells                             Type                      Level
   a - Confusing Touch                Hexes                        1
   b - Confuse                        Hexes                        3
   c - Gell's Gravitas                Translocation                3
   d - Petrify                        Transmutation/Earth          4
   e - Metabolic Englaciation         Hexes/Ice                    5
   f - Yara's Violent Unravelling     Hexes/Transmutation          5
Comestibles
 f - 10 rations
 s - 6 chunks of flesh


   Skills:
 + Level 4.0 Fighting
 * Level 8.2 Axes
 + Level 4.0 Armour
 + Level 1.2 Dodging
 + Level 4.1 Shields
 * Level 1.5 Evocations


You had 6 spell levels left.
You didn't know any spells.

Dungeon Overview and Level Annotations

Branches:
Dungeon (4/15)
 Temple: D:4-7

Altars:
Ashenzari
Sif Muna

Annotations:
D:4 Duvessa


Innate Abilities, Weirdness & Mutations

You reflexively headbutt those who attack you in melee.
You have a pair of horns on your head.


Message History

* * * LOW HITPOINT WARNING * * *
You hit Duvessa but do no damage.
Duvessa is almost dead.
You block Duvessa's attack.
Evoke which item? (* to show all) (? for menu, Esc to quit)
Aiming: Random Effects
Press: ? - help, Shift-Dir - straight line, f - Duvessa
Aim: Duvessa, wielding a rapier and wearing a runed chain mail (almost dead, berserk, fast, unusually strong)
The puff of flame hits Duvessa.
Duvessa appears unharmed.
Duvessa is almost dead.
Duvessa barely misses you. You furiously retaliate!
You headbutt Duvessa, but do no damage. Duvessa hits you but does no damage.
It was a potion of invisibility.
You fade into invisibility!
Duvessa barely misses you.
You are very lightly contaminated with residual magic.
You barely miss Duvessa.
Duvessa is almost dead.
Duvessa is no longer berserk.
Duvessa hits you with a rapier!
You die...

##.##....##.# #.# #.#
#..##.##.##.###.######.#
.#.##.##.##)#..........#
...........())#.########
...############.## #.##
#...# #.# #...# #.#
#..)# .# #..@# .. #.e.#
#### #...# ### #.#..
...... .. ..... .......
# ...# ..........
####..# #####...##
##....#### #...#
##...>...#


You could see Duvessa.

Vanquished Creatures
  A sky beast (D:3)
  Dowan (D:4)
  A hound (D:4)
  A centaur skeleton (D:4)
  A bullfrog skeleton (D:4)
  Natasha (thrice) (D:2)
  2 orc wizards
  2 worker ants
  3 adders
  An ooze (D:4)
  2 worms (D:2)
  3 dart slugs (D:2)
  5 leopard geckos
  8 orcs
  11 bats
  3 giant cockroaches
  9 goblins
  7 hobgoblins
  6 jackals
  10 kobolds
  4 quokkas
  10 frilled lizards
  8 rats
102 creatures vanquished.

Notes
Turn   | Place    | Note
-------+----------+-------------------------------------------
     0 | D:1      | wojtek the Minotaur Fighter began the quest for the Orb.
     0 | D:1      | Reached XP level 1. HP: 19/19 MP: 0/0
    34 | D:1      | Reached skill level 3 in Axes
    39 | D:1      | Reached XP level 2. HP: 19/26 MP: 1/1
   320 | D:1      | Reached skill level 4 in Axes
   411 | D:1      | Reached XP level 3. HP: 24/31 MP: 2/2
   698 | D:2      | Noticed Natasha
   706 | D:2      | Killed Natasha
   706 | D:2      | Reached skill level 5 in Axes
   706 | D:2      | Reached XP level 4. HP: 6/39 MP: 3/3
  1675 | D:2      | Noticed Natasha
  1678 | D:2      | Killed Natasha
  1678 | D:2      | Reached skill level 6 in Axes
  2012 | D:2      | Noticed Natasha
  2018 | D:2      | Killed Natasha
  2018 | D:2      | Reached XP level 5. HP: 45/45 MP: 4/4
  2073 | D:3      | Reached skill level 7 in Axes
  2244 | D:3      | Noticed a sky beast
  2271 | D:3      | Killed a sky beast
  2271 | D:3      | Reached XP level 6. HP: 36/51 MP: 5/5
  2791 | D:4      | Found a shattered altar of Ashenzari.
  2798 | D:4      | Reached skill level 8 in Axes
  2817 | D:4      | Found a deep blue altar of Sif Muna.
  2833 | D:4      | Reached skill level 1 in Evocations
  2852 | D:4      | Reached skill level 1 in Dodging
  2981 | D:4      | Noticed Dowan
  2982 | D:4      | Noticed Duvessa
  3002 | D:4      | Killed Dowan
  3002 | D:4      | Reached XP level 7. HP: 43/59 MP: 7/7
  3013 | D:4      | HP: 1/59 [Duvessa/rapier (10)]
  3017 | D:4      | Mangled by Duvessa

Skill      XL: |  1  2  3  4  5  6 |
---------------+-------------------+-----
Axes           | 3 4 5 6 7 8 |  8.2
Evocations     | 1 |  1.5
Dodging        | 1 |  1.2
Armour         | 4 |  4.0
Shields        | 4 |  4.1
Fighting       | 4 |  4.0

Action                   |  1- 3 |  4- 6 |  7- 9 || total
-------------------------+-------+-------+-------++-------
Melee: War axe           |    81 |   169 |    13 ||   263
       Headbutt          |     5 |    20 |     3 ||    28
Evoke: Wand              |       |       |     1 ||     1
  Use: Potion            |       |       |     1 ||     1
  Eat: Chunk             |       |     7 |       ||     7
Armor: Scale mail        |    37 |     5 |       ||    42
       Chain mail        |       |    99 |     4 ||   103
Dodge: Dodged            |    27 |    38 |     5 ||    70
Block: Shield            |    29 |    95 |     5 ||   129
